 Dungeon Crawl Stone Soup version 0.23.2-40-g277498a001 (webtiles) character file.

Game seed: 11677327727088031204

291 MalarOregon the Caller (level 6, -5/46 HPs)
             Began as a Merfolk Summoner on Aug 23, 2019.
             Was an Initiate of Gozag.
             Killed by divine providence
             ... invoked by an orc priest
              (13 damage)
             ... on level 4 of the Dungeon.
             The game lasted 00:08:52 (5688 turns).

MalarOregon the Caller (Merfolk Summoner)           Turns: 5688, Time: 00:08:53

Health: -5/46      AC:  5    Str:  7 (8)  XL:     6   Next: 32%
Magic:  10/10      EV: 14    Int: 13 (16) God:    Gozag
Gold:   128        SH:  0    Dex: 13 (15) Spells: 4/10 levels left

rFire    . . .     SeeInvis .   o - +0 falchion
rCold    . . .     Gourm    .   (no shield)
rNeg     + . .     Faith    .   m - +2 robe {rN+}
rPois    .         Spirit   .   (no helmet)
rElec    .         Reflect  .   (no cloak)
rCorr    .         Harm     .   a - +0 pair of gloves
MR       .....                  (no boots)
Stlth    ++........             (no amulet)
HPRegen  0.15/turn              (no ring)
MPRegen  0.12/turn              (no ring)

@: gold aura
A: change form in water, swift swim, stealthy swim
a: Potion Petition, Call Merchant, Bribe Branch, Renounce Religion


You were on level 4 of the Dungeon.
You worshipped Gozag.
Gozag was aware of your devotion.
You were not hungry.

You visited 2 branches of the dungeon, and saw 5 of its levels.

You collected 184 gold pieces.
You paid 56 gold pieces to Gozag.

Inventory:

Hand Weapons
 k - a +0 dagger
   (You took it off an orc wizard on level 2 of the Dungeon)
 o - a +0 falchion (weapon)
   (You took it off an orc on level 2 of the Dungeon)
Missiles
 n - a throwing net (quivered) {!f}
Armour
 a - a +0 pair of gloves (worn)
   (You found it on level 2 of the Dungeon)
 m - a +2 robe of positive energy (worn)
   (You took it off an orc wizard on level 2 of the Dungeon)
Jewellery
 t - an uncursed amulet of rage {unknown}
   (You found it on level 4 of the Dungeon)
Scrolls
 b - a scroll of magic mapping {unknown}
 f - a scroll of identify {unknown}
 h - 2 scrolls of blinking {unknown}
 i - a scroll of random uselessness {unknown}
 l - a scroll of enchant weapon {unknown}
 q - a scroll of teleportation {unknown}
 s - a scroll of remove curse {unknown}
Potions
 c - a potion of haste {unknown}
 g - a potion of curing {@q1}
 j - a potion of mutation {unknown}
 p - a potion of heal wounds {unknown}
 r - a potion of invisibility {unknown}
Comestibles
 e - 6 rations {!d}


   Skills:
 * Level 2.9 Fighting
 * Level 4.8 Dodging
 + Level 3.2 Stealth
 + Level 2.6 Spellcasting
 * Level 5.2 Summonings


You had 4 spell levels left.
You knew the following spells:

 Your Spells              Type           Power        Failure   Level  Hunger
a - Summon Small Mammal   Summ           ###.         2%          1    #......
c - Call Canine Familiar  Summ           ###.....     9%          3    ###....
x - Call Imp              Summ           ###.....     4%          2    ###....

Your spell library contained the following spells:

 Spells                   Type           Power        Failure   Level  Hunger
 Summon Guardian Golem    Hex/Summ       #.......     24%         3    ###....
 Summon Ice Beast         Ice/Summ       #.......     63%         4    #####..
 Summon Lightning Spire   Summ/Air       #.......     63%         4    #####..


Dungeon Overview and Level Annotations

Branches:
Dungeon (4/15)             Temple (1/1) D:4

Altars:
Ashenzari
Cheibriados
Dithmenos
Elyvilon
Gozag
Kikubaaqudgha
Makhleb
Nemelex Xobeh
Okawaru
Qazlal
Ru
Sif Muna
Uskayaw
Vehumet
Wu Jian
Yredelemnul
The Shining One


Message History

An orc wizard comes into view.
It is wielding a +0 dagger and wearing a +0 robe of positive energy.
The orc barely misses you.
The orc priest shouts!
You hit the orc but do no damage.
The orc wizard miscasts a cantrip.
The orc hits you with a +0 club.
The orc wizard miscasts a cantrip.
You barely miss the orc. The orc closely misses you.
The orc hits you but does no damage.
You hit the orc but do no damage. The orc barely misses you.
The orc hits you but does no damage.
The orc priest begins to cast a cantrip, but forgets the words!
The orc wizard looks encouraged for a moment.
The orc barely misses you.
You hit the orc.
The orc priest mumbles some strange prayers to Beogh against you.
Beogh smites you! The orc barely misses you. The orc completely misses you.
The orc misses you.
You barely miss the orc. The orc misses you.
The orc wizard looks satisfied for a moment.
The orc hits you but does no damage. The orc barely misses you.
The orc hits you with a +0 club.
You hit the orc.
You kill the orc!
The orc closely misses you.
You riposte.
You closely miss the orc. The orc priest closely misses you.
The orc misses you.
You riposte.
You closely miss the orc. The orc completely misses you.
You riposte.
You hit the orc. You barely miss the orc. The worker ant misses you.
The orc priest closely misses you. The worker ant closely misses you.
The orc barely misses you. The orc closely misses you.
You riposte.
You closely miss the orc. You barely miss the orc.
The worker ant closely misses you. The orc priest barely misses you.
The orc closely misses you.
You riposte.
You hit the orc.
You kill the orc!
The orc hits you with a +0 club.
* * * LOW HITPOINT WARNING * * *
The worker ant barely misses you.
You riposte.
You hit the worker ant but do no damage.
Unknown command.
The orc priest invokes the aid of Beogh against you.
Beogh smites you!
* * * LOW HITPOINT WARNING * * *
The worker ant barely misses you.
All of the chunks of flesh in your inventory have rotted away.
The orc priest invokes the aid of Beogh against you.
Beogh smites you!
You die...
Your body crumbles into a pile of gold.

#..........................(...
##..)...##...##................
#......##...##...........(....
#...............(.............
..........>.......>...........
............(..........(.....
###..##...##..o.$...........
##.##...##..oo............
#......(@a##..$..........
###......##...###........
#..###......## #........ #..#
#.....## ...##...# #..# ##....#
...## ...# ..# #....# .### ...#
.# ...... .......


You could see a worker ant, an orc priest, an orc wizard and an orc.

Vanquished Creatures
  A vampire bat (D:3)
  2 gnolls (D:4)
  3 adders
  3 oozes (D:1)
  A worm (D:4)
  3 leopard geckos
  5 orcs
  2 ball pythons
  3 bat skeletons (D:3)
  3 bat zombies (D:3)
  6 giant cockroaches
  2 hobgoblins
  2 jackals (D:1)
  A quokka (D:4)
  6 bats
  5 frilled lizards
  4 goblins
  6 kobolds
  4 rats
62 creatures vanquished.

Vanquished Creatures (collateral kills)
  A howler monkey (D:4)
  2 orc wizards
  3 worker ants (D:4)
  An adder (D:3)
  2 worms
  A leopard gecko (D:4)
  5 orcs
  A giant cockroach (D:4)
  A goblin (D:3)
  2 jackals (D:1)
  2 kobolds
  2 rats (D:1)
23 creatures vanquished.

Vanquished Creatures (others)
  4 toadstools (D:1)
4 creatures vanquished.

Grand Total: 89 creatures vanquished

Notes
Turn   | Place    | Note
-------+----------+-------------------------------------------
     0 | D:1      | MalarOregon the Merfolk Summoner began the quest for the
                  | Orb.
     0 | D:1      | Reached XP level 1. HP: 13/13 MP: 3/3
  1047 | D:1      | Reached XP level 2. HP: 10/20 MP: 5/5
  1325 | D:1      | Learned a level 2 spell: Call Imp
  1368 | D:1      | Reached skill level 1 in Fighting
  1705 | D:1      | Reached XP level 3. HP: 4/26 MP: 1/6
  3057 | D:2      | Reached XP level 4. HP: 25/32 MP: 1/7
  3406 | D:2      | Found a radiant altar of Vehumet.
  3514 | D:3      | Learned a level 3 spell: Call Canine Familiar
  3776 | D:3      | Found a glowing golden altar of the Shining One.
  4391 | D:3      | Found an ancient bone altar of Kikubaaqudgha.
  4426 | D:3      | Reached XP level 5. HP: 27/38 MP: 8/8
  4950 | D:4      | Found a sacrificial altar of Ru.
  4979 | D:4      | Reached skill level 5 in Summonings
  4984 | D:4      | HP: 1/39 [something/puff of frost (3)]
  5000 | D:4      | Reached XP level 6. HP: 4/46 MP: 1/9
  5342 | D:4      | Found a staircase to the Ecumenical Temple.
  5441 | D:4      | HP: 2/46 [gnoll (3)]
  5470 | Temple   | Entered the Ecumenical Temple
  5653 | Temple   | Became a worshipper of Gozag Ym Sagoz the Greedy
  5688 | D:4      | Killed from afar by an orc priest

Skill      XL: |  1  2  3  4  5 |
---------------+----------------+-----
Dodging        | 3 4 |  4.8
Fighting       | 1 2 |  2.9
Stealth        | 3 |  3.2
Summonings     | 5 |  5.2
Spellcasting   | |  2.6

Action                   |  1- 3 |  4- 6 || total
-------------------------+-------+-------++-------
Melee: Unarmed           |   122 |       ||   122
       Tailslap          |     4 |       ||     4
       Short sword       |   105 |     2 ||   107
       Falchion          |       |   175 ||   175
 Cast: Call Imp          |     6 |    21 ||    27
  Use: Potion            |       |     3 ||     3
 Stab: Sleeping          |     6 |     4 ||    10
       Distracted        |       |     1 ||     1
  Eat: Chunk             |     3 |    11 ||    14
       Ration            |     1 |       ||     1
Armor: Robe              |    49 |    70 ||   119
Dodge: Dodged            |   157 |   206 ||   363
       Rpst.: Falchion   |       |    68 ||    68
